SAA
HUNTINGTON BEACH SURF @ CHESAPEAKE CONTINENTALS
09/16/2019
 
TOP OF THE 1ST
Huntington Beach Surf batting - Pitching for Chesapeake Continentals : LHP Jim Unknown
Pitching: LHP Jim Unknown
Batting: RHB Keith Hatch 0-0: Swinging Strike
0-1: Called Strike
0-2: Strikes out looking
Batting: RHB Henry Appleby 0-0: SINGLE (Groundball, 56D)
Batting: LHB Bartolo Benítez 0-0: Called Strike
0-1: Called Strike
0-2: Ball
1-2: Strikes out swinging
Batting: RHB Rafael Abreu 0-0: Ball
1-0: Foul Ball, location: 2F
1-1: Foul Ball, location: 2F
1-2: Strikes out swinging
Top of the 1st over - 0 run(s), 1 hit(s), 0 error(s), 1 left on base; Huntington Beach 0 - Chesapeake 0
BOTTOM OF THE 1ST
Chesapeake Continentals batting - Pitching for Huntington Beach Surf : RHP Connor Phelps
Pitching: RHP Connor Phelps
Batting: RHB Gustavo Varela 0-0: Ball
1-0: Ball
2-0: Called Strike
2-1: SINGLE (Line Drive, 7LS)
Batting: RHB Jonah Moody 0-0: Ball
1-0: Foul Ball, location: 2F
1-1: Ball
2-1: Foul Ball, location: 2F
2-2: Ball
3-2: Ground out 6-3 (Groundball, 6)
Gustavo Varela to second
Batting: RHB Brandon Reed 0-0: Ball
1-0: Ball
2-0: Called Strike
2-1: Ball
Gustavo Varela is caught stealing 3rd base
3-1: Foul Ball, location: 2F
3-2: Base on Balls
Batting: RHB Roger Lakes 0-0: Ball
Brandon Reed is caught stealing 2nd base
Bottom of the 1st over - 0 run(s), 1 hit(s), 0 error(s), 0 left on base; Huntington Beach 0 - Chesapeake 0
TOP OF THE 2ND
Huntington Beach Surf batting - Pitching for Chesapeake Continentals : LHP Jim Unknown
Batting: RHB Austin Henderson 0-0: Called Strike
0-1: Called Strike
0-2: Foul Ball, location: 2F
0-2: Ball
1-2: Ball
2-2: Ground out 5-3 (Groundball, 5)
Batting: RHB Dave Young 0-0: Ball
1-0: Ball
2-0: Fly out, F7 (Flyball, 7S)
Batting: RHB Jim Unknown 0-0: Called Strike
0-1: Ball
1-1: Ball
2-1: Ball
3-1: Base on Balls
Batting: RHB Mike Burns 0-0: Foul Ball, location: 2F
0-1: Ball
1-1: Ball
2-1: Ground out 5-3 (Groundball, 56S)
Top of the 2nd over - 0 run(s), 0 hit(s), 0 error(s), 1 left on base; Huntington Beach 0 - Chesapeake 0
BOTTOM OF THE 2ND
Chesapeake Continentals batting - Pitching for Huntington Beach Surf : RHP Connor Phelps
Batting: RHB Roger Lakes 0-0: Called Strike
0-1: Ground out 4-3 (Groundball, 4)
Batting: SHB Jesús Cabañe 0-0: Ball
1-0: Fly out, F8 (Line Drive, 8LD)
Batting: LHB Thomas Campbell 0-0: Foul Ball, location: 2F
0-1: Ball
1-1: Ball
2-1: Fly out, F7 (Flyball, 7M)
Bottom of the 2nd over - 0 run(s), 0 hit(s), 0 error(s), 0 left on base; Huntington Beach 0 - Chesapeake 0
TOP OF THE 3RD
Huntington Beach Surf batting - Pitching for Chesapeake Continentals : LHP Jim Unknown
Batting: RHB Albert Morales 0-0: Called Strike
0-1: Called Strike
0-2: Ball
1-2: Fly out, F4 (Popup, 4)
Batting: RHB Keith Hatch 0-0: Foul Ball, location: 2F
0-1: Called Strike
0-2: Fly out, F7 (Line Drive, 78M)
Batting: RHB Henry Appleby 0-0: Foul Ball, location: 2F
0-1: Ball
1-1: Ground out 4-3 (Groundball, 4)
Top of the 3rd over - 0 run(s), 0 hit(s), 0 error(s), 0 left on base; Huntington Beach 0 - Chesapeake 0
BOTTOM OF THE 3RD
Chesapeake Continentals batting - Pitching for Huntington Beach Surf : RHP Connor Phelps
Batting: SHB Dominique Prost 0-0: Called Strike
0-1: Fly out, F6 (Popup, 6S)
Batting: RHB Gil Nichols 0-0: Ground out 5-3 (Groundball, 5S)
Batting: RHB Walter Hurlson 0-0: Ball
1-0: Called Strike
1-1: Swinging Strike
1-2: Strikes out looking
Bottom of the 3rd over - 0 run(s), 0 hit(s), 0 error(s), 0 left on base; Huntington Beach 0 - Chesapeake 0
TOP OF THE 4TH
Huntington Beach Surf batting - Pitching for Chesapeake Continentals : LHP Jim Unknown
Batting: LHB Bartolo Benítez 0-0: Called Strike
0-1: Foul Ball, location: 2F
0-2: Ball
1-2: Ground out 1-3 (Groundball, 13S)
Batting: RHB Rafael Abreu 0-0: Called Strike
0-1: SINGLE (Groundball, 56D)
Batting: RHB Austin Henderson 0-0: Called Strike
0-1: Foul Ball, location: 2F
0-2: Ball
1-2: Foul Ball, location: 2F
1-2: Ball
2-2: Ball
3-2: Base on Balls
Rafael Abreu to second
Batting: RHB Dave Young 0-0: Fly out, F7 (Flyball, 7LM)
Batting: RHB Jim Unknown 0-0: Called Strike
0-1: Fly out, F9 (Flyball, 89M)
Top of the 4th over - 0 run(s), 1 hit(s), 0 error(s), 2 left on base; Huntington Beach 0 - Chesapeake 0
BOTTOM OF THE 4TH
Chesapeake Continentals batting - Pitching for Huntington Beach Surf : RHP Connor Phelps
Batting: RHB Gustavo Varela 0-0: Foul Ball, location: 2F
0-1: Called Strike
0-2: Strikes out swinging
Batting: RHB Jonah Moody 0-0: Called Strike
0-1: Ball
1-1: Swinging Strike
1-2: Ground out 6-3 (Groundball, 6M)
Batting: RHB Brandon Reed 0-0: Called Strike
0-1: Ball
1-1: Ball
2-1: Ground out 5-3 (Groundball, 5)
Bottom of the 4th over - 0 run(s), 0 hit(s), 0 error(s), 0 left on base; Huntington Beach 0 - Chesapeake 0
TOP OF THE 5TH
Huntington Beach Surf batting - Pitching for Chesapeake Continentals : LHP Jim Unknown
Batting: RHB Mike Burns 0-0: Foul Ball, location: 2F
0-1: Called Strike
0-2: Foul Ball, location: 2F
0-2: Strikes out swinging
Batting: RHB Albert Morales 0-0: Fly out, F2 (Popup, 2LF)
Batting: RHB Keith Hatch 0-0: Foul Ball, location: 2F
0-1: Fly out, F6 (Line Drive, 6M)
Top of the 5th over - 0 run(s), 0 hit(s), 0 error(s), 0 left on base; Huntington Beach 0 - Chesapeake 0
BOTTOM OF THE 5TH
Chesapeake Continentals batting - Pitching for Huntington Beach Surf : RHP Connor Phelps
Batting: RHB Roger Lakes 0-0: Ball
1-0: Foul Ball, location: 2F
1-1: Called Strike
1-2: Ground out 6-3 (Groundball, 6M)
Batting: SHB Jesús Cabañe 0-0: Foul Ball, location: 2F
0-1: Ball
1-1: Foul Ball, location: 2F
1-2: Strikes out swinging
Batting: LHB Thomas Campbell 0-0: Ball
1-0: Ball
2-0: SINGLE (Flyball, 7LS)
Batting: SHB Dominique Prost 0-0: Ball
1-0: Swinging Strike
1-1: Swinging Strike
1-2: Ball
2-2: Strikes out looking
Bottom of the 5th over - 0 run(s), 1 hit(s), 0 error(s), 1 left on base; Huntington Beach 0 - Chesapeake 0
TOP OF THE 6TH
Huntington Beach Surf batting - Pitching for Chesapeake Continentals : LHP Jim Unknown
Batting: RHB Henry Appleby 0-0: Called Strike
0-1: Ball
1-1: Swinging Strike
1-2: Ball
2-2: Ground out 6-3 (Groundball, 6)
Batting: LHB Bartolo Benítez 0-0: Ball
1-0: Foul Ball, location: 2F
1-1: SINGLE (Line Drive, 7LM)
Batting: RHB Rafael Abreu 0-0: Called Strike
0-1: Ball
1-1: Ball
2-1: Ball
3-1: Fly out, F3 (Popup, 3SF)
Batting: RHB Austin Henderson 0-0: Ball
1-0: Ball
2-0: Ground out 6-3 (Groundball, 6)
Top of the 6th over - 0 run(s), 1 hit(s), 0 error(s), 1 left on base; Huntington Beach 0 - Chesapeake 0
BOTTOM OF THE 6TH
Chesapeake Continentals batting - Pitching for Huntington Beach Surf : RHP Connor Phelps
Batting: RHB Gil Nichols 0-0: SINGLE (Line Drive, 56D)
Batting: RHB Walter Hurlson 0-0: Sac Bunt - play at first, batter OUT! 1-4
Gil Nichols to second
Batting: RHB Gustavo Varela 0-0: Foul Ball, location: 2F
0-1: Ball
1-1: Swinging Strike
1-2: Ground out 3-1 (Groundball, 34)
Gil Nichols to third
Batting: RHB Jonah Moody 0-0: Ball
1-0: SINGLE (Popup, 34D)
Gil Nichols scores
Batting: RHB Brandon Reed 0-0: Ball
1-0: Foul Ball, location: 2F
1-1: Ground out 6-3 (Groundball, 6)
Bottom of the 6th over - 1 run(s), 2 hit(s), 0 error(s), 1 left on base; Huntington Beach 0 - Chesapeake 1
TOP OF THE 7TH
Huntington Beach Surf batting - Pitching for Chesapeake Continentals : LHP Jim Unknown
Batting: RHB Dave Young 0-0: Reached on error, E6 (Groundball, 6S)
Batting: RHB Jim Unknown 0-0: Ball
1-0: Called Strike
1-1: SINGLE (Line Drive, 4MD)
Dave Young to third
Batting: RHB Mike Burns 0-0: Called Strike
Jim Unknown steals 2nd base
0-1: Ball
1-1: Ball
2-1: Called Strike
2-2: Foul Ball, location: 2F
2-2: Strikes out swinging
Batting: RHB Albert Morales 0-0: Called Strike
0-1: Foul Ball, location: 2F
0-2: Ball
1-2: Reached on error, E5 (Groundball, 56)
Dave Young scores
Jim Unknown to third
Batting: RHB Keith Hatch 0-0: Ball
1-0: Called Strike
1-1: Swinging Strike
1-2: Strikes out swinging
Batting: RHB Henry Appleby 0-0: Swinging Strike
0-1: Called Strike
0-2: Foul Ball, location: 2F
0-2: Ball
1-2: Foul Ball, location: 2F
1-2: Fly out, F3 (Line Drive, 3S)
Top of the 7th over - 1 run(s), 1 hit(s), 2 error(s), 2 left on base; Huntington Beach 1 - Chesapeake 1
BOTTOM OF THE 7TH
Chesapeake Continentals batting - Pitching for Huntington Beach Surf : RHP Connor Phelps
Batting: RHB Roger Lakes 0-0: SINGLE (Line Drive, 7S)
Pinch Hitting: LHB Jim Unknown 0-0: Called Strike
0-1: Ball
1-1: Ball
2-1: Foul Ball, location: 2F
2-2: Foul Ball, location: 2F
2-2: Ball
3-2: Base on Balls
Roger Lakes to second
Batting: LHB Thomas Campbell 0-0: Swinging Strike
0-1: Foul Ball, location: 2F
0-2: Ball
1-2: Fly out, F4 (Popup, 3DF)
Batting: SHB Dominique Prost 0-0: Called Strike
0-1: Fly out, F9 (Flyball, 89M)
Pinch Hitting: RHB Mike Peterson 0-0: Ball
Wild Pitch!
Roger Lakes to third
Jim Unknown to second
1-0: Ball
2-0: Ball
3-0: Base on Balls
Pinch Hitting: SHB Jim Unknown 0-0: Fly out, F7 (Flyball, 7D)
Bottom of the 7th over - 0 run(s), 1 hit(s), 0 error(s), 3 left on base; Huntington Beach 1 - Chesapeake 1
TOP OF THE 8TH
Huntington Beach Surf batting - Pitching for Chesapeake Continentals : LHP Jim Unknown
Pitching: RHP Godfrey Verbiest
Now at 2B: Mike Peterson
Now at 3B: Jim Unknown
Now in RF: Jim Unknown
Batting: LHB Bartolo Benítez 0-0: Ball
1-0: Ball
2-0: Called Strike
2-1: Foul Ball, location: 2F
2-2: Strikes out swinging
Pinch Hitting: SHB José Juárez 0-0: Called Strike
0-1: Ball
1-1: Ball
2-1: Ground out 6-3 (Groundball, 6M)
Batting: RHB Austin Henderson 0-0: Ball
1-0: Ball
2-0: Called Strike
2-1: SINGLE (Line Drive, 4M)
Pinch Hitting: RHB Warner Robinson 0-0: Ball
1-0: Foul Ball, location: 2F
1-1: Fly out, F9 (Flyball, 9LM)
Top of the 8th over - 0 run(s), 1 hit(s), 0 error(s), 1 left on base; Huntington Beach 1 - Chesapeake 1
BOTTOM OF THE 8TH
Chesapeake Continentals batting - Pitching for Huntington Beach Surf : RHP Connor Phelps
Now at 2B: Francisco Torres
Now at 3B: Warner Robinson
Batting: RHB Gustavo Varela 0-0: Reached on error, E5 (Groundball, 56S)
Batting: RHB Jonah Moody 0-0: Bunted foul
0-1: Bunted foul
0-2: SINGLE (Groundball, 56D)
Gustavo Varela to second
Batting: RHB Brandon Reed 0-0: Called Strike
0-1: Called Strike
0-2: Ball
1-2: Ball
2-2: DOUBLE (Line Drive, 7LM)
Gustavo Varela scores
Jonah Moody to third
Batting: RHB Roger Lakes 0-0: Called Strike
0-1: Called Strike
0-2: SINGLE (Groundball, 5L)
Jonah Moody scores
Brandon Reed to third
Pitching: LHP Jeffrey Brown
Pinch Hitting: RHB Jim Unknown 0-0: Called Strike
0-1: Swinging Strike
0-2: Ball
1-2: Foul Ball, location: 2F
1-2: Ball
2-2: SINGLE (Line Drive, 8LS)
Brandon Reed scores
Roger Lakes to second
Batting: LHB Thomas Campbell 0-0: Ball
1-0: Swinging Strike
1-1: Grounds into double play, 1-6-3 (Groundball, 13S)
Roger Lakes to third
Batting: SHB Dominique Prost 0-0: Foul Ball, location: 2F
0-1: Ball
1-1: Swinging Strike
1-2: Ball
2-2: Ball
3-2: Foul Ball, location: 2F
3-2: Foul Ball, location: 2F
3-2: Strikes out swinging
Bottom of the 8th over - 3 run(s), 4 hit(s), 1 error(s), 1 left on base; Huntington Beach 1 - Chesapeake 4
TOP OF THE 9TH
Huntington Beach Surf batting - Pitching for Chesapeake Continentals : RHP Godfrey Verbiest
Pitching: RHP Carlos Guzmán
Now at C: Tim Roberts
Now at SS: Pablo Vázquez
Now in LF: Jim Unknown
Batting: RHB Jim Unknown 0-0: Ball
1-0: Swinging Strike
1-1: Foul Ball, location: 2F
1-2: Ball
2-2: Ball
3-2: Foul Ball, location: 2F
3-2: Base on Balls
Batting: RHB Mike Burns 0-0: Foul Ball, location: 2F
0-1: Called Strike
0-2: Ball
1-2: Ball
2-2: Strikes out swinging
Batting: RHB Albert Morales 0-0: Ball
1-0: Fly out, F2 (Popup, 15S)
Batting: RHB Keith Hatch 0-0: Ball
1-0: 2-RUN HOME RUN (Flyball, 7LD), Distance : 369 ft
Pitching: LHP Jim Unknown
Pinch Hitting: RHB Phil Baker 0-0: Foul Ball, location: 2F
0-1: Ball
1-1: Foul Ball, location: 2F
1-2: Strikes out swinging
Top of the 9th over - 2 run(s), 1 hit(s), 0 error(s), 0 left on base; Huntington Beach 3 - Chesapeake 4
This league is powered by Out of the Park Baseball, the baseball management simulation game for PC, Mac and Linux
Saturday, July 25th, 2015 - OOTP Baseball 15.6 Build 34